 Dungeon Crawl Stone Soup version 0.17.0-56-gd8de76c (webtiles) character file.

595 HandofTrog the Cudgeler (level 7, -5/99 HPs)
             Began as a Troll Berserker on Dec 5, 2015.
             Was a Believer of Trog.
             Slain by Duvessa
             ... wielding a +0 short sword
              (11 damage)
             ... on level 4 of the Dungeon.
             The game lasted 00:07:51 (2778 turns).

HandofTrog the Cudgeler (Troll Berserker)           Turns: 2778, Time: 00:07:51

Health: -5/99      AC:  5    Str: 32    XL:     7   Next: 16%
Magic:  6/6        EV: 10    Int:  4    God:    Trog [**....]
Gold:   135        SH:  0    Dex:  9    Spells: 0 memorised, 6 levels left

rFire  . . .     SeeInvis .     F - +0 flail
rCold  . . .     Clarity  .     b - +0 animal skin
rNeg   + . .     SustAt   .     (no shield)
rPois  .         Gourm    +     (helmet restricted)
rElec  .         Spirit   .     (no cloak)
rCorr  .         Warding  .     (gloves unavailable)
rMut   .         Stasis   .     (boots unavailable)
MR     +....                    (no amulet)
Stlth  ..........               v - ring of positive energy
                                s - ring of protection from magic

@: berserking, very quick, somewhat resistant to hostile enchantments, extremely
unstealthy
A: unfitting armour, claws 3, fast metabolism 3, gourmand, regeneration 2,
shaggy fur 1, tough skin 2
a: Berserk, Trog's Hand, Burn Spellbooks, Renounce Religion


You were on level 4 of the Dungeon.
You worshipped Trog.
Trog was pleased with you.
You were not hungry.

You visited 1 branch of the dungeon, and saw 4 of its levels.

You collected 135 gold pieces.

Inventory:

Hand Weapons
 a - a +0 mace
 F - a +0 flail (weapon)
Missiles
 w - 6 poisoned needles
 z - a poisoned tomahawk (quivered)
Armour
 b - a +0 animal skin (worn)
Jewellery
 s - a ring of protection from magic (left claw)
 v - a ring of positive energy (right claw)
 y - an uncursed ring of fire {unknown}
 E - an uncursed ring of protection from cold {unknown}
Wands
 u - a wand of flame (20)
Scrolls
 f - a scroll of blinking {unknown}
 g - 2 scrolls of teleportation {unknown}
 h - 4 scrolls of identify {unknown}
 i - a scroll of amnesia {unknown}
 j - 3 scrolls of fog {unknown}
 k - a scroll of magic mapping {unknown}
 t - 2 scrolls of remove curse {unknown}
 x - a scroll of enchant armour {unknown}
 C - a scroll of random uselessness {unknown}
Potions
 d - a potion of agility {unknown}
 e - 2 potions of mutation {unknown}
 l - 2 potions of curing
 m - a potion of haste {unknown}
 n - a potion of might {unknown}
 o - 2 potions of magic {unknown}
 q - a potion of flight {unknown}
 r - a potion of poison {unknown}
 D - a potion of cancellation {unknown}
Comestibles
 c - 4 bread rations
 p - a meat ration
 A - 3 fruits
 B - 2 slices of pizza


   Skills:
 - Level 2.4 Fighting
 + Level 7.6 Maces & Flails
 - Level 2.4 Dodging


You had 6 spell levels left.
You didn't know any spells.

Dungeon Overview and Level Annotations

Branches:
Dungeon (4/15)
 Temple: D:4-7

Altars:
Fedhas
Trog
Xom
Zin

Annotations:
D:4 Duvessa


Innate Abilities, Weirdness & Mutations

You are too large for most types of armour.
You have claws for hands.
Your metabolism is lightning-fast.
You like to eat raw meat.
You heal very quickly.
You are covered in fur (AC +1).
You have very tough skin (AC +2).


Message History

Duvessa is severely wounded.
Duvessa zaps a wand.
The puff of flame hits you!
Dowan says, "Magic and the sword, together, will defeat you."
You sock Dowan!
You kill Dowan!
Trog accepts your kill.
Trog appreciates your killing of a magic user.
Duvessa screams in rage.
Duvessa goes berserk!
Duvessa hits you with a short sword!
* * * LOW HITPOINT WARNING * * *
Duvessa hits you with a short sword!
* * * LOW HITPOINT WARNING * * *
A red film seems to cover your vision as you go berserk!
You feel yourself moving faster!
You feel mighty!
You feel somewhat more hungry. Duvessa hits you with a short sword.
* * * LOW HITPOINT WARNING * * *
You closely miss Duvessa.
Duvessa is almost dead.
Duvessa hits you with a short sword!
You die...

#.....##......
#.###.##......
#.###.##......
#...#.##......
##########.#.##.....)
.........#.#.##......
.#######.#.#.##.#####
#.)e# #.#.#.##.#
#.#@###.#.#.##.#####
#e#....>............
#.#####<..#.##.##### #'#
#..##.##...... #.........#
#..##.########
#.........###..##.####....
#.........+........).'....
#.........####....>###....
#..)(.....# #.....# #....


You could see Duvessa (berserk).

Vanquished Creatures
  Sigmund (D:4)
  A phantom (D:4)
  An ogre (D:4)
  Dowan (D:4)
  An orc priest (D:3)
  2 worker ants (D:4)
  Natasha (thrice) (D:2)
  3 adders
  An adder zombie (D:1)
  A worm (D:2)
  2 giant geckos
  4 orcs
  A ball python (D:3)
  A bat zombie (D:1)
  4 giant cockroaches
  6 hobgoblins
  4 jackals (D:2)
  A quokka (D:3)
  6 bats
  4 giant newts (D:2)
  7 goblins
  5 kobolds
  2 quokka skeletons (D:4)
  5 rats
67 creatures vanquished.

Notes
Turn   | Place    | Note
--------------------------------------------------------------
     0 | D:1      | HandofTrog the Troll Berserker began the quest for the Orb.
     0 | D:1      | Reached XP level 1. HP: 22/22 MP: 0/0
    27 | D:1      | Reached skill level 3 in Maces & Flails
    84 | D:1      | Reached XP level 2. HP: 27/29 MP: 1/1
   883 | D:2      | Reached XP level 3. HP: 28/36 MP: 2/2
   982 | D:2      | Noticed Natasha
   986 | D:2      | Killed Natasha
   986 | D:2      | Reached skill level 4 in Maces & Flails
  1011 | D:2      | Found a bloodstained altar of Trog.
  1017 | D:2      | Reached ** piety under Trog
  1043 | D:2      | Reached XP level 4. HP: 44/44 MP: 3/3
  1091 | D:2      | Found a shimmering altar of Xom.
  1091 | D:2      | Found a glowing silver altar of Zin.
  1092 | D:2      | Noticed an angel
  1346 | D:2      | Found a blossoming altar of Fedhas.
  1430 | D:2      | Noticed Natasha
  1445 | D:2      | Killed Natasha
  1471 | D:2      | Noticed Natasha
  1482 | D:2      | Killed Natasha
  1761 | D:3      | Reached skill level 5 in Maces & Flails
  2092 | D:3      | Reached XP level 5. HP: 50/50 MP: 4/4
  2333 | D:4      | Noticed a phantom
  2357 | D:4      | Killed a phantom
  2357 | D:4      | Reached skill level 6 in Maces & Flails
  2466 | D:4      | Noticed an ogre
  2488 | D:4      | Killed an ogre
  2488 | D:4      | Reached XP level 6. HP: 17/59 MP: 5/5
  2648 | D:4      | Noticed Sigmund
  2662 | D:4      | Killed Sigmund
  2662 | D:4      | Reached skill level 7 in Maces & Flails
  2662 | D:4      | Reached XP level 7. HP: 43/66 MP: 6/6
  2756 | D:4      | Noticed Dowan
  2757 | D:4      | Noticed Duvessa
  2776 | D:4      | Killed Dowan
  2778 | D:4      | Slain by Duvessa

Action                   |  1- 3 |  4- 6 |  7- 9 || total
-------------------------+-------+-------+-------++-------
Melee: Mace              |   118 |   146 |       ||   264
       Flail             |       |       |     7 ||     7
Throw: Tomahawk          |       |     5 |     4 ||     9
Invok: Berserk           |       |     1 |     1 ||     2
  Use: Potion            |       |     1 |     1 ||     2
  Eat: Chunk             |    15 |    11 |       ||    26
